AoeStats
← Kulishaak

Arabia

506680127Analyzed
1v1 RM · 17d ago on Sep 14, 2026· 58m 24s· 2 players
Game mode
Random Map
Map size
Tiny (2 player)
Population
200
Speed
Normal
Resources
Standard
Victory
Conquest
Starting age
Dark Age
Ending age
Imperial Age
RankedLock teamsTeams togetherTeam positionsShared explorationLock speedFull tech treeHidden civsTurbo modeCheats
Victory
Defeat
🇩🇰 Malians · Denmark
1168
+16
🇨🇿 Armenians · Czechia
1160
-16
Kulishaak
2:07 Loom
9:56 Feudal Age
10:07 Man-at-Arms
12:33 Arson
13:04 Double-Bit Axe
14:24 Long Swordsman
17:48 Scale Mail Armor
19:33 Gold Mining
25:58 Castle Age
24:00 Fletching
25:46 Padded Archer Armor
26:02 Elite Skirmisher
26:40 Bodkin Arrow
26:54 Gambesons
27:18 Squires
27:34 Two-Handed Swordsman
30:05 Chain Mail Armor
31:14 Wheelbarrow
35:34 Leather Archer Armor
37:15 Bow Saw
37:42 Hand Cart
39:21 Town Watch
40:34 Forging
41:16 Gold Shaft Mining
40:39 Stone Mining
42:54 Iron Casting
45:58 Imperial Age
44:27 Ballistics
44:03 Murder Holes
45:07 Husbandry
45:17 Bloodlines
45:17 Champion
45:39 Pikeman
48:15 Halberdier
51:40 Conscription
54:51 Bracer
55:22 Plate Mail Armor
56:13 Hoardings
Cabeceo_e
7:00 Loom
10:40 Feudal Age
12:38 Double-Bit Axe
20:49 Castle Age
19:24 Fletching
21:09 Crossbowman
23:37 Bodkin Arrow
27:00 Squires
27:41 Bow Saw
29:47 Scale Mail Armor
31:00 Ballistics
32:34 Wheelbarrow
35:43 Hand Cart
35:58 Murder Holes
37:50 Horse Collar
38:06 Gold Mining
42:22 Imperial Age
39:41 Town Watch
41:12 Gold Shaft Mining
40:28 Stone Mining
40:55 Masonry
41:09 Bloodlines
42:54 Heavy Plow
43:34 Conscription
42:37 Cavalier
43:18 Husbandry
43:26 Scale Barding Armor
44:44 Chain Barding Armor
44:43 Farimba
47:37 Forging
48:32 Plate Barding Armor
50:06 Chemistry
49:37 Architecture
48:40 Pikeman
49:20 Squires
50:00 Crop Rotation
50:32 Hoardings
49:39 Light Cavalry
51:15 Tigui
55:52 Iron Casting
57:38 Padded Archer Armor
Connection lost

Rejoining the realm…

Still unreachable

The connection could not be restored.

Session expired

The server has moved on; the page needs a fresh start.